NCAA
MICHIGAN WOLVERINES @ TEXAS A&M AGGIES
05/24/2024
 
TOP OF THE 1ST
Michigan Wolverines batting - Pitching for Texas A&M Aggies : LHP Terry Morris
Pitching: LHP Terry Morris
Batting: RHB Scott Walker 0-0: Ground out 5-3 (Groundball, 5)
Batting: SHB Denver Harmon 0-0: Called Strike
0-1: Swinging Strike
0-2: Fly out, F8 (Flyball, 8LM)
Batting: RHB Patrick Potts 0-0: SINGLE (Flyball, 89S)
Batting: SHB Mike Howard 0-0: Ball
1-0: 2-RUN HOME RUN (Flyball, 9D), Distance : 369 ft
Batting: SHB Rafael Acosta 0-0: Called Strike
0-1: Ball
1-1: Ball
2-1: Foul Ball, location: 2F
2-2: Strikes out swinging
Top of the 1st over - 2 run(s), 2 hit(s), 0 error(s), 0 left on base; Michigan 2 - Texas A&M 0
BOTTOM OF THE 1ST
Texas A&M Aggies batting - Pitching for Michigan Wolverines : RHP Guillermo Beltrán
Pitching: RHP Guillermo Beltrán
Batting: LHB Dave Bryant 0-0: Ball
1-0: DOUBLE (Flyball, 7D)
Batting: RHB Julian Lee 0-0: Ball
1-0: Ball
2-0: Called Strike
2-1: Swinging Strike
2-2: Ball
3-2: Foul Ball, location: 2F
3-2: Strikes out looking
Batting: RHB Allen Hobbs 0-0: Ball
Throwing error on steal attempt, E2
Dave Bryant scores
1-0: Foul Ball, location: 2F
1-1: Ball
2-1: Ball
3-1: TRIPLE (Flyball, 89M)
Batting: RHB Ryan Hilton 0-0: Ball
1-0: SINGLE (Line Drive, 7LM)
Allen Hobbs scores
Batting: RHB Chris Burrell 0-0: Ball
1-0: Ball
2-0: Ball
3-0: Base on Balls
Ryan Hilton to second
Batting: LHB Vicente Rangel 0-0: Ball
Wild Pitch!
Ryan Hilton to third
Chris Burrell to second
1-0: Ball
2-0: Ball
3-0: Base on Balls
Batting: RHB Rodney Ervin 0-0: Ball
1-0: SINGLE (Line Drive, 34D)
Ryan Hilton scores
Chris Burrell to third
Vicente Rangel to second
Batting: SHB Jason Mason 0-0: Ball
1-0: Ball
2-0: Ball
3-0: Base on Balls
Chris Burrell scores
Vicente Rangel to third
Rodney Ervin to second
Batting: SHB Bill Butler 0-0: Ball
1-0: GRAND SLAM HOME RUN (Flyball, 89XD), Distance : 363 ft
Batting: LHB Dave Bryant 0-0: SINGLE (Line Drive, 78S)
Batting: RHB Julian Lee 0-0: Ball
1-0: Called Strike
Dave Bryant steals 2nd base
1-1: Ball
2-1: Ball
3-1: Called Strike
Dave Bryant steals 3rd base
3-2: Base on Balls
Batting: RHB Allen Hobbs 0-0: Ball
1-0: Ball
2-0: Called Strike
2-1: Fly out, F9 (Flyball, 9S)
Batting: RHB Ryan Hilton 0-0: Called Strike
0-1: Ball
1-1: Ball
2-1: Ball
3-1: SINGLE (Groundball, 6)
Dave Bryant scores
Julian Lee to second
Pitching: RHP Melvin Sharp
Batting: RHB Chris Burrell 0-0: Ball
1-0: Ball
2-0: Ball
3-0: Called Strike
3-1: Fielders Choice at 2nd, U4 (Groundball, 4M)
Bottom of the 1st over - 9 run(s), 7 hit(s), 1 error(s), 2 left on base; Michigan 2 - Texas A&M 9
TOP OF THE 2ND
Michigan Wolverines batting - Pitching for Texas A&M Aggies : LHP Terry Morris
Batting: LHB Christian Peterson 0-0: Ground out U3 (Groundball, 3S)
Batting: RHB Buck Charles 0-0: Foul Ball, location: 2F
0-1: Ball
1-1: Called Strike
1-2: Ball
2-2: Strikes out swinging
Batting: SHB Juan Carlos Mesa 0-0: Called Strike
0-1: Ball
1-1: DOUBLE (Flyball, 7LM)
Batting: RHB Ray Robertson 0-0: Ball
1-0: Ball
2-0: Fly out, F8 (Flyball, 8LS)
Top of the 2nd over - 0 run(s), 1 hit(s), 0 error(s), 1 left on base; Michigan 2 - Texas A&M 9
BOTTOM OF THE 2ND
Texas A&M Aggies batting - Pitching for Michigan Wolverines : RHP Melvin Sharp
Batting: LHB Vicente Rangel 0-0: Ball
1-0: Ball
2-0: Ball
3-0: Base on Balls
Batting: RHB Rodney Ervin 0-0: Called Strike
0-1: Ball
1-1: Swinging Strike
1-2: Ball
2-2: Ball
3-2: Foul Ball, location: 2F
3-2: Fly out, F9 (Flyball, 9LMF)
Batting: SHB Jason Mason 0-0: Called Strike
0-1: Foul Ball, location: 2F
0-2: Ball
1-2: Foul Ball, location: 2F
1-2: Ball
2-2: SINGLE (Groundball, 6M)
Vicente Rangel to second
Batting: SHB Bill Butler 0-0: Called Strike
0-1: Ball
1-1: Foul Ball, location: 2F
1-2: Foul Ball, location: 2F
1-2: Fly out, F6 (Popup, 6M)
Batting: LHB Dave Bryant 0-0: Swinging Strike
0-1: Ball
1-1: Ball
2-1: Swinging Strike
2-2: Foul Ball, location: 2F
2-2: Ball
3-2: Strikes out swinging
Bottom of the 2nd over - 0 run(s), 1 hit(s), 0 error(s), 2 left on base; Michigan 2 - Texas A&M 9
TOP OF THE 3RD
Michigan Wolverines batting - Pitching for Texas A&M Aggies : LHP Terry Morris
Batting: RHB Scott Walker 0-0: Fly out, F5 (Popup, 5S)
Batting: SHB Denver Harmon 0-0: Swinging Strike
0-1: Foul Ball, location: 2F
0-2: Foul Ball, location: 2F
0-2: Ball
1-2: Ball
2-2: Ball
3-2: Foul Ball, location: 2F
3-2: Foul Ball, location: 2F
3-2: Strikes out swinging
Batting: RHB Patrick Potts 0-0: SOLO HOME RUN (Flyball, 78XD), Distance : 372 ft
Batting: SHB Mike Howard 0-0: Ball
1-0: Called Strike
1-1: Ball
2-1: Ball
3-1: Base on Balls
Batting: SHB Rafael Acosta 0-0: Called Strike
0-1: Ball
Pickoff Throw to First - Error! E1
Mike Howard to second
1-1: Ball
2-1: SINGLE (Flyball, 89S)
Mike Howard to third
Runner from 3rd tries for Home, SAFE, no throw or cutoff
Batting: LHB Christian Peterson 0-0: Swinging Strike
0-1: Ball
1-1: Fly out, F8 (Line Drive, 8RM)
Top of the 3rd over - 2 run(s), 2 hit(s), 1 error(s), 1 left on base; Michigan 4 - Texas A&M 9
BOTTOM OF THE 3RD
Texas A&M Aggies batting - Pitching for Michigan Wolverines : RHP Melvin Sharp
Batting: RHB Julian Lee 0-0: Hit by Pitch
Batting: RHB Allen Hobbs 0-0: Called Strike
0-1: Called Strike
0-2: Foul Ball, location: 2F
0-2: Foul Ball, location: 2F
0-2: Ball
1-2: Fly out, F9 (Flyball, 9M)
Batting: RHB Ryan Hilton 0-0: Ball
1-0: Ball
2-0: Called Strike
2-1: Ball
3-1: Foul Ball, location: 2F
3-2: Strikes out looking
Julian Lee steals 2nd base
Batter strikes out.
Batting: RHB Chris Burrell 0-0: Swinging Strike
0-1: Ball
1-1: 2-RUN HOME RUN (Flyball, 78XD), Distance : 378 ft
Batting: LHB Vicente Rangel 0-0: Ball
1-0: Ground out 4-3 (Groundball, 4)
Bottom of the 3rd over - 2 run(s), 1 hit(s), 0 error(s), 0 left on base; Michigan 4 - Texas A&M 11
TOP OF THE 4TH
Michigan Wolverines batting - Pitching for Texas A&M Aggies : LHP Terry Morris
Batting: RHB Buck Charles 0-0: Ball
1-0: Ball
2-0: Ball
3-0: Called Strike
3-1: Fly out, F4 (Popup, 4S)
Batting: SHB Juan Carlos Mesa 0-0: Ball
1-0: Ball
2-0: Called Strike
2-1: Ball
3-1: Called Strike
3-2: Foul Ball, location: 2F
3-2: Foul Ball, location: 2F
3-2: SINGLE (Flyball, 9LS)
Batting: RHB Ray Robertson 0-0: Foul Ball, location: 2F
0-1: Ball
1-1: Fly out, F6 (Line Drive, 6)
Batting: RHB Scott Walker Pickoff Throw to First - Error! E1
Juan Carlos Mesa to second
0-0: SINGLE (Groundball, 56D)
Juan Carlos Mesa to third
Runner from 3rd tries for Home, SAFE, no throw or cutoff
Batting: SHB Denver Harmon 0-0: Ball
1-0: Ball
Scott Walker is caught stealing 2nd base
Top of the 4th over - 1 run(s), 2 hit(s), 1 error(s), 0 left on base; Michigan 5 - Texas A&M 11
BOTTOM OF THE 4TH
Texas A&M Aggies batting - Pitching for Michigan Wolverines : RHP Melvin Sharp
Pitching: RHP Randy Mitchell
Batting: RHB Rodney Ervin 0-0: Fly out, F6 (Popup, 15)
Batting: SHB Jason Mason 0-0: Ball
1-0: Ball
2-0: Called Strike
2-1: Ground out 4-3 (Groundball, 4)
Batting: SHB Bill Butler 0-0: Ball
1-0: Called Strike
1-1: Ball
2-1: Ball
3-1: Base on Balls
Batting: LHB Dave Bryant 0-0: Called Strike
0-1: Fly out, F6 (Popup, 6)
Bottom of the 4th over - 0 run(s), 0 hit(s), 0 error(s), 1 left on base; Michigan 5 - Texas A&M 11
TOP OF THE 5TH
Michigan Wolverines batting - Pitching for Texas A&M Aggies : LHP Terry Morris
Batting: SHB Denver Harmon 0-0: Swinging Strike
0-1: Ball
1-1: Foul Ball, location: 2F
1-2: Fly out, F7 (Flyball, 7M)
Batting: RHB Patrick Potts 0-0: Ball
1-0: SOLO HOME RUN (Flyball, 89XD), Distance : 369 ft
Batting: SHB Mike Howard 0-0: Ball
1-0: Ball
2-0: Called Strike
2-1: Swinging Strike
2-2: Strikes out swinging
Batting: SHB Rafael Acosta 0-0: Called Strike
0-1: Ground out 1-3 (Groundball, 13S)
Top of the 5th over - 1 run(s), 1 hit(s), 0 error(s), 0 left on base; Michigan 6 - Texas A&M 11
BOTTOM OF THE 5TH
Texas A&M Aggies batting - Pitching for Michigan Wolverines : RHP Randy Mitchell
Batting: RHB Julian Lee 0-0: Ball
1-0: Ball
2-0: Foul Ball, location: 2F
2-1: SINGLE (Line Drive, 7S)
Batting: RHB Allen Hobbs 0-0: Ball
1-0: Ball
2-0: Grounds into double play, 6-4-3 (Groundball, 6)
Batting: RHB Ryan Hilton 0-0: Swinging Strike
0-1: Called Strike
0-2: Ball
1-2: Ground out 6-3 (Groundball, 6)
Bottom of the 5th over - 0 run(s), 1 hit(s), 0 error(s), 0 left on base; Michigan 6 - Texas A&M 11
TOP OF THE 6TH
Michigan Wolverines batting - Pitching for Texas A&M Aggies : LHP Terry Morris
Batting: LHB Christian Peterson 0-0: Ball
1-0: Ball
2-0: Called Strike
2-1: Ball
3-1: Swinging Strike
3-2: Base on Balls
Pitching: RHP Brian Walker
Batting: RHB Buck Charles 0-0: Ball
1-0: Ball
2-0: Fly out, F3 (Popup, 3DF)
Batting: SHB Juan Carlos Mesa 0-0: Ball
1-0: Ball
2-0: Called Strike
2-1: Ball
3-1: Base on Balls
Christian Peterson to second
Batting: RHB Ray Robertson 0-0: Called Strike
0-1: Ball
1-1: Ground out 5-3 (Groundball, 5S)
Christian Peterson to third
Juan Carlos Mesa to second
Batting: RHB Scott Walker 0-0: Called Strike
0-1: Ball
1-1: Foul Ball, location: 2F
1-2: Strikes out swinging
Top of the 6th over - 0 run(s), 0 hit(s), 0 error(s), 2 left on base; Michigan 6 - Texas A&M 11
BOTTOM OF THE 6TH
Texas A&M Aggies batting - Pitching for Michigan Wolverines : RHP Randy Mitchell
Batting: RHB Chris Burrell 0-0: Ball
1-0: Ball
2-0: Ball
3-0: Base on Balls
Batting: LHB Vicente Rangel 0-0: Ball
1-0: Ball
2-0: Ball
3-0: Called Strike
3-1: Foul Ball, location: 2F
3-2: Ground out 4-3 (Groundball, 4M)
Chris Burrell to second
Batting: RHB Rodney Ervin 0-0: Fly out, F4 (Popup, 34D)
Batting: SHB Jason Mason 0-0: Ball
1-0: SINGLE (Line Drive, 4M)
Chris Burrell to third
Runner from 3rd tries for Home, SAFE, no throw or cutoff
Batting: SHB Bill Butler 0-0: Foul Ball, location: 2F
0-1: Called Strike
0-2: Foul Ball, location: 2F
0-2: Foul Ball, location: 2F
0-2: SINGLE (Groundball, 6MD)
Jason Mason to second
Runner from 2nd tries for 3rd, SAFE, throw made to third
Batting: LHB Dave Bryant 0-0: Called Strike
0-1: Ground out 4-3 (Groundball, 4)
Bottom of the 6th over - 1 run(s), 2 hit(s), 0 error(s), 2 left on base; Michigan 6 - Texas A&M 12
TOP OF THE 7TH
Michigan Wolverines batting - Pitching for Texas A&M Aggies : RHP Brian Walker
Batting: SHB Denver Harmon 0-0: Called Strike
0-1: Swinging Strike
0-2: Ball
1-2: Ball
2-2: Strikes out swinging
Batting: RHB Patrick Potts 0-0: Called Strike
0-1: Ball
1-1: Ball
2-1: Swinging Strike
2-2: Strikes out swinging
Batting: SHB Mike Howard 0-0: Ball
1-0: Foul Ball, location: 2F
1-1: Ball
2-1: Ball
3-1: Base on Balls
Batting: SHB Rafael Acosta 0-0: Ball
1-0: Ball
2-0: Called Strike
2-1: Ball
3-1: Called Strike
3-2: 2-RUN HOME RUN (Flyball, 8RXD), Distance : 402 ft
Batting: LHB Christian Peterson 0-0: Foul Ball, location: 2F
0-1: Ball
1-1: Ball
2-1: Swinging Strike
2-2: Ball
3-2: Foul Ball, location: 2F
3-2: Base on Balls
Batting: RHB Buck Charles 0-0: Called Strike
0-1: Swinging Strike
0-2: Ball
1-2: SINGLE (Groundball, 6MD)
Christian Peterson to second
Runner from 2nd tries for 3rd, SAFE, no throw or cutoff
Pitching: RHP Gene Whitley
Batting: SHB Juan Carlos Mesa 0-0: Called Strike
0-1: Swinging Strike
0-2: Strikes out swinging
Top of the 7th over - 2 run(s), 2 hit(s), 0 error(s), 2 left on base; Michigan 8 - Texas A&M 12
BOTTOM OF THE 7TH
Texas A&M Aggies batting - Pitching for Michigan Wolverines : RHP Randy Mitchell
Pitching: LHP Garrett Love
Batting: RHB Julian Lee 0-0: Called Strike
0-1: Called Strike
0-2: Foul Ball, location: 2F
0-2: Foul Ball, location: 2F
0-2: Hit by Pitch
Batting: RHB Allen Hobbs 0-0: Called Strike
0-1: Ball
1-1: Ball
Passed Ball!
Julian Lee to second
2-1: Foul Ball, location: 2F
2-2: Ball
Single, Error in OF, E7, batter to second base
Julian Lee scores
Batting: RHB Ryan Hilton 0-0: Ball
1-0: Called Strike
Throwing error on steal attempt, E2
Allen Hobbs scores
1-1: Ball
2-1: Fly out, F9 (Flyball, 9M)
Batting: RHB Chris Burrell 0-0: Fly out, F8 (Flyball, 8LM)
Batting: LHB Vicente Rangel 0-0: Swinging Strike
0-1: Ball
1-1: Called Strike
1-2: Foul Ball, location: 2F
1-2: Ball
2-2: Ball
3-2: Base on Balls
Batting: RHB Rodney Ervin 0-0: Ball
1-0: Foul Ball, location: 2F
1-1: Foul Ball, location: 2F
1-2: Foul Ball, location: 2F
1-2: Foul Ball, location: 2F
1-2: Foul Ball, location: 2F
1-2: Ball
2-2: Fly out, F4 (Line Drive, 4)
Bottom of the 7th over - 2 run(s), 1 hit(s), 2 error(s), 1 left on base; Michigan 8 - Texas A&M 14
TOP OF THE 8TH
Michigan Wolverines batting - Pitching for Texas A&M Aggies : RHP Gene Whitley
Batting: RHB Ray Robertson 0-0: Ball
1-0: Swinging Strike
1-1: SINGLE (Flyball, 78S)
Batting: RHB Scott Walker 0-0: Called Strike
0-1: Ball
1-1: Ball
2-1: Called Strike
2-2: Foul Ball, location: 2F
2-2: Foul Ball, location: 2F
2-2: Strikes out swinging
Batting: SHB Denver Harmon 0-0: Ball
1-0: Grounds into double play, 4-6-3 (Groundball, 4)
Top of the 8th over - 0 run(s), 1 hit(s), 0 error(s), 0 left on base; Michigan 8 - Texas A&M 14
BOTTOM OF THE 8TH
Texas A&M Aggies batting - Pitching for Michigan Wolverines : LHP Garrett Love
Batting: SHB Jason Mason 0-0: SINGLE (Line Drive, 56)
Batting: SHB Bill Butler 0-0: Sac Bunt - play at first, batter OUT! 5-4
Jason Mason to second
Batting: LHB Dave Bryant 0-0: Called Strike
0-1: Ball
1-1: Ball
2-1: Fly out, F5 (Popup, 5F)
Batting: RHB Julian Lee 0-0: Ground out 2-3 (Groundball, 23)
Bottom of the 8th over - 0 run(s), 1 hit(s), 0 error(s), 1 left on base; Michigan 8 - Texas A&M 14
TOP OF THE 9TH
Michigan Wolverines batting - Pitching for Texas A&M Aggies : RHP Gene Whitley
Batting: RHB Patrick Potts 0-0: Ball
1-0: Ball
2-0: Called Strike
2-1: Ball
3-1: Foul Ball, location: 2F
3-2: Base on Balls
Batting: SHB Mike Howard 0-0: Called Strike
0-1: Foul Ball, location: 2F
0-2: Ball
1-2: Foul Ball, location: 2F
1-2: Fly out, F7 (Flyball, 7M)
Batting: SHB Rafael Acosta 0-0: Ball
1-0: Called Strike
1-1: Fly out, F7 (Flyball, 78M)
Batting: LHB Christian Peterson 0-0: Ball
1-0: Ball
Wild Pitch!
Patrick Potts to second
2-0: Foul Ball, location: 2F
2-1: Ball
3-1: Ground out 4-3 (Groundball, 4)
Top of the 9th over - 0 run(s), 0 hit(s), 0 error(s), 1 left on base; Michigan 8 - Texas A&M 14
This league is powered by Out of the Park Baseball, the baseball management simulation game for PC, Mac and Linux
Saturday, April 9th, 2016 - OOTP Baseball 16.8 Build 38